 Dungeon Sprint DCSS version 0.17-a0-1636-g3119f2b (webtiles) character file.

46 Kidiri the Shield-Bearer (level 3, -3/24 HPs)
             Began as a Gargoyle Fighter on Aug 5, 2015.
             Was an Initiate of Okawaru.
             Slain by a warg (9 damage)
             ... in the Dungeon (Sprint VII: "The Pits").
             The game lasted 00:02:23 (639 turns).

Kidiri the Shield-Bearer (Gargoyle Fighter)          Turns: 639, Time: 00:02:24

Health: -3/24      AC: 17    Str: 25    XL:     3   Next: 68%
Magic:  4/4        EV:  5    Int:  8    God:    Okawaru [......]
Gold:   0          SH: 10    Dex:  9    Spells: 0 memorised, 2 levels left

rFire  . . .     SeeInvis .     l - +2 mace
rCold  . . .     Clarity  .     a - +2 plate armour
rNeg   + . .     SustAt   .     c - +0 shield
rPois  ∞         Gourm    .     (no helmet)
rElec  +         Spirit   .     (no cloak)
rCorr  .         Warding  .     (no gloves)
rMut   .         NoTele   +     (no boots)
MR     .....                    (no amulet)
Stlth  ..........               (no ring)
                                (no ring)

@: mighty, not resistant to hostile enchantments, extremely unstealthy
A: negative energy resistance 1, electricity resistance, unbreathing,
petrification resistance, rot immunity, AC +3
a: Renounce Religion


You were in the Dungeon.
You worshipped Okawaru.
Okawaru was noncommittal.
You were not hungry.

You visited 1 branch

Inventory:

Hand weapons
 l - a +2 mace (weapon)
Armour
 a - a +2 plate armour (worn)
 c - a +0 shield (worn)
Scrolls
 k - a scroll of blinking
 p - 3 scrolls of remove curse
 q - 5 scrolls of amnesia
 r - a scroll of summoning
Potions
 f - 6 potions of curing
 g - 6 potions of heal wounds
 h - a potion of haste
 i - 4 potions of magic
 j - 3 potions of berserk rage
 o - 2 potions of invisibility
Comestibles
 e - 8 bread rations
 m - 40 fruits
 n - 7 meat rations


   Skills:
 + Level 4.0 Fighting
 * Level 3.9 Maces & Flails
 * Level 4.7 Armour
 + Level 1.6 Dodging
 * Level 4.8 Shields
 + Level 2.0 Invocations


You had 2 spell levels left.
You didn't know any spells.

Dungeon Overview and Level Annotations

Branches:
Dungeon (1/1)

Altars:
Ashenzari
Cheibriados
Dithmenos
Elyvilon
Fedhas
Gozag
Kikubaaqudgha
Makhleb
Nemelex Xobeh
Okawaru
Qazlal
Ru
Sif Muna
Trog
Vehumet
Xom
Yredelemnul
Zin
The Shining One
Beogh
Jiyva
Lugonu

Annotations:
D Ijyb


Innate Abilities, Weirdness & Mutations

You are resistant to torment.
Your stone body is resilient (AC +3).
You are immune to poison.
You resist negative energy.
You are resistant to electric shocks.
You can survive without breathing.
You are immune to petrification.
You are immune to rotting.


Message History

You sock the warg!
The warg is heavily wounded.
The warg barely misses you. You block the warg's attack.
Your shield and plate armour prevent you from hitting the warg.
The warg is heavily wounded.
You block the warg's attack. The warg barely misses you.
You completely miss the warg.
The warg is heavily wounded.
You block the warg's attack.
You hit the warg.
The warg is severely wounded.
The warg bites you but does no damage. The warg bites you!
* * * LOW HITPOINT WARNING * * *
You hit the warg.
The warg is severely wounded.
The warg bites you.
* * * LOW HITPOINT WARNING * * *
Ijyb screams, "Me kill you!" The warg bites you!
You die...

#_#)))+.+..##.....
#_#.))#.#?(##.....
#######+#####.....
#...........'.....
#'#####+#####.....
#.#[[#...).##.....
#.#))#####+#####+#
#.#))#..[..##.....
#@#))#..(..##.....
#h#..###+####.....
#h##+#..)..##...<.
#z#........##.....
#h#........##.....
#g###########.....


#nz ###### #... #...# You could see a warg, Ijyb, a necrophage, 2 wights and 2
jackals.

Vanquished Creatures
  2 adders (D)
  A river rat (D)
  A gnoll (D)
  A giant gecko (D)
  2 orcs (D)
  A bat skeleton (D)
  A jackal (D)
  A rat (D)
10 creatures vanquished.

Notes
Turn   | Place    | Note
--------------------------------------------------------------
     0 | D        | Kidiri the Gargoyle Fighter began the quest for the Orb.
     0 | D        | Reached XP level 1. HP: 14/14 MP: 1/1
    29 | D        | Found a sacrificial altar of Ru.
    29 | D        | Found a basalt altar of Yredelemnul.
    29 | D        | Found a shadowy altar of Dithmenos.
    29 | D        | Found a deep blue altar of Sif Muna.
    29 | D        | Found a burning altar of Makhleb.
    29 | D        | Found a shimmering altar of Xom.
    29 | D        | Found an ancient bone altar of Kikubaaqudgha.
    29 | D        | Found a sparkling altar of Nemelex Xobeh.
    30 | D        | Found a glowing golden altar of the Shining One.
    30 | D        | Found a bloodstained altar of Trog.
    30 | D        | Found a shattered altar of Ashenzari.
    30 | D        | Found a white marble altar of Elyvilon.
    30 | D        | Found a snail-covered altar of Cheibriados.
    30 | D        | Found a blossoming altar of Fedhas.
    30 | D        | Found a radiant altar of Vehumet.
    30 | D        | Found a glowing silver altar of Zin.
    30 | D        | Found a corrupted altar of Lugonu.
    30 | D        | Found a viscous altar of Jiyva.
    30 | D        | Found a roughly hewn altar of Beogh.
    30 | D        | Found an iron altar of Okawaru.
    36 | D        | Found a stormy altar of Qazlal.
    37 | D        | Found an opulent altar of Gozag.
    39 | D        | Became a worshipper of Warmaster Okawaru
    87 | D        | Reached skill level 1 in Dodging
    87 | D        | Reached skill level 4 in Shields
    87 | D        | Reached skill level 1 in Invocations
    87 | D        | Reached XP level 2. HP: 13/19 MP: 2/2
   419 | D        | Reached XP level 3. HP: 21/24 MP: 2/4
   622 | D        | Noticed a wight
   622 | D        | Noticed a wight
   622 | D        | Noticed a necrophage
   623 | D        | Noticed a warg
   623 | D        | Noticed Ijyb
   639 | D        | Slain by a warg

Vault maps used:
D:        pitsprint

Action                   || total
-------------------------++-------
Melee: Flail             ||     6
       Mace              ||    48
  Use: Potion            ||     1
